 Dungeon Crawl Stone Soup version 0.28.0-47-ge53b351184 (webtiles) character file.

Game seed: 15406249102778149111

6512 Tiocfaidh the Spear-Bearer (level 10, -9/98 HPs)
             Began as a Troll Monk on May 7, 2022.
             Was an Initiate of Ashenzari.
             Shot with an arrow by a centaur warrior (14 damage)
             ... on level 9 of the Dungeon on May 8, 2022.
             The game lasted 00:52:05 (7874 turns).

Tiocfaidh the Spear-Bearer (Troll Monk)             Turns: 7874, Time: 00:52:08

Health: -9/98      AC:  4    Str: 29    XL:     10   Next: 69%
Magic:  9/9        EV: 18    Int:  6    God:    Ashenzari [......]
Gold:   444        SH:  0    Dex: 25    Spells: 9/9 levels left

rFire   . . .      SeeInvis .   B - +6 hand crossbow of the Reaper {vorpal, Str+4 Dex+7}
rCold   . . .      Faith    .   (no shield)
rNeg    . . .      Spirit   .   y - +0 robe
rPois   .          Reflect  .   (helmet restricted)
rElec   +          Harm     .   (no cloak)
rCorr   .          Rampage  .   (gloves unavailable)
Will    .....                   (boots unavailable)
Stlth   +++.......              J - amulet of regeneration
HPRegen 1.86/turn               v - ring of the Failed Coup {rElec Dex+6}
MPRegen 0.11/turn               t - +4 ring of evasion

@: spiked
A: large, unfitting armour, claws 3, regeneration 1, shaggy fur 1, tough skin 1
a: Renounce Religion, Curse Item


You were on level 9 of the Dungeon.
You worshipped Ashenzari.
Ashenzari was noncommittal.
You visited 2 branches of the dungeon, and saw 10 of its levels.
You visited the Abyss 1 time.

You collected 444 gold pieces.

Inventory:

Hand Weapons
 z - a +4 demon trident of venom
 B - the +6 hand crossbow of the Reaper (weapon) {vorpal, Str+4 Dex+7}
   (You acquired it on level 5 of the Dungeon)

   Any ammunition fired from it inflicts extra damage upon your enemies.
   Str:       It affects your strength (+4).
   Dex:       It affects your dexterity (+7).
Missiles
 h - 11 curare-tipped darts
 F - 2 bolts (quivered ammo)
 G - 22 poisoned darts
Armour
 y - a +0 robe (worn)
Jewellery
 b - a ring of protection from fire
 t - a +4 ring of evasion (right claw)
 v - the ring of the Failed Coup (left claw) {rElec Dex+6}
   (You acquired it on level 5 of the Dungeon)

   [ring of dexterity]

   Dex:       It affects your dexterity (+6).
   rElec:     It insulates you from electricity.
 E - a ring of magical power
 J - an amulet of regeneration (around neck)
 K - a ring of poison resistance
Wands
 a - a wand of flame (12)
 o - a wand of paralysis (30)
 q - a wand of charming (23)
 s - a wand of iceblast (23)
Scrolls
 d - a scroll of brand weapon
 i - 2 scrolls of fear
 j - 2 scrolls of holy word {unknown}
 k - a scroll of enchant armour {unknown}
 r - 2 scrolls of fog
 u - a scroll of torment {unknown}
 w - a scroll of blinking
 D - a scroll of amnesia {unknown}
 H - a scroll of vulnerability {unknown}
 I - a scroll of summoning
Potions
 c - 2 potions of berserk rage {unknown}
 e - a potion of flight {unknown}
 f - 2 potions of resistance {unknown}
 g - 2 potions of might {unknown}
 l - a potion of magic {unknown}
 m - a potion of invisibility {unknown}
 n - 2 potions of curing {unknown}
 p - 2 potions of heal wounds {unknown}
 x - a potion of haste {unknown}
 A - a potion of cancellation {unknown}
Miscellaneous
 C - a tin of tremorstones (2/2)


   Skills:
 + Level 5.9 Fighting
 + Level 8.1 Polearms
 + Level 3.2 Crossbows
 + Level 0.3 Throwing
 + Level 5.5 Dodging
 + Level 2.7 Stealth
 + Level 7.9 Unarmed Combat


You had 9 spell levels left.
You didn't know any spells.
Your spell library contained the following spells:

 Spells                   Type           Power      Damage    Failure   Level
 Animate Skeleton         Necr           0%         N/A       45%         1
 Magic Dart               Conj           0%         1d3       45%         1
 Pain                     Necr           0%         1d4       45%         1
 Call Imp                 Summ           0%         N/A       58%         2
 Dazzling Flash           Conj/Hex       0%         N/A       83%         3
 Mephitic Cloud           Conj/Pois/Air  0%         N/A       83%         3
 Tukima's Dance           Hex            0%         N/A       83%         3
 Anguish                  Hex/Necr       0%         N/A       99%         4
 Iskenderun's Mystic Bla  Conj/Tloc      0%         2d3       99%         4
 Starburst                Conj/Fire      0%         6d3       100%        6
 Enfeeble                 Hex            0%         N/A       100%        7


Dungeon Overview and Level Annotations

Branches:
Dungeon (9/15)             Temple (1/1) D:4
   Lair: D:8-11         Orc: D:9-12

Altars:
Ashenzari
Cheibriados
Dithmenos
Elyvilon
Fedhas
Gozag
Kikubaaqudgha
Okawaru
Qazlal
Sif Muna
Trog
Vehumet
Wu Jian
Xom
Yredelemnul
Zin
The Shining One

Shops:
D:7 *

Annotations:
D:9 Maurice


Innate Abilities, Weirdness & Mutations

You are too large for most types of armour.
You have claws for hands.
Your natural rate of healing is unusually fast.
You are covered in fur. (AC +1)
You have tough skin. (AC +1)


Message History

The barbs in your skin will harm you if you move.
Continue?
Okay, then.
Your +4 demon trident of venom stops dripping with poison.
You feel stronger.
You feel agile.
B - the +6 hand crossbow of the Reaper (weapon)
{vorpal, Str+4 Dex+7} The centaur warrior shoots an arrow.
The arrow barely misses you.
Fire: 5 bolts
Press: ? - help, Q - select action, (/) - cycle Shift-Dir - straight line, f - manticore
Aim: a manticore (81% to hit)
You shoot a bolt. The bolt hits the manticore.
The manticore is lightly wounded.
The centaur warrior shoots an arrow.
The arrow hits you!
The manticore flicks its tail.
The volley of spikes misses you.
The manticore flicks its tail.
The volley of spikes hits you!!
The barbed spikes become lodged in your body.
Fire: 4 bolts
Press: ? - help, Q - select action, (/) - cycle Shift-Dir - straight line, f/p - manticore
Aim: a manticore (lightly wounded, 81% to hit)
You shoot a bolt. The bolt hits the manticore!!
The manticore is heavily wounded.
You hear some strange, mumbled words.
The centaur warrior shoots an arrow.
The arrow barely misses you.
Fire: 3 bolts
Press: ? - help, Q - select action, (/) - cycle Shift-Dir - straight line, f/p - manticore
Aim: a manticore (heavily wounded, 81% to hit)
You shoot a bolt. The bolt hits the manticore.
The manticore is severely wounded.
The centaur warrior shoots an arrow.
The arrow hits you!
The centaur warrior shoots an arrow.
The arrow hits you!!
* * * LOW HITPOINT WARNING * * *
Blink to where?
Press: ? - help, Dir - move target, p - manticore A red ugly thing, a manticore and a cyclops come into view.
As you read the scroll of blinking, it crumbles to dust.
The centaur warrior shoots an arrow.
The arrow hits you!
* * * LOW HITPOINT WARNING * * *
The centaur warrior shoots an arrow.
The arrow hits you!
You die...

#########.).### ##.........).###
#...ยง........#..
#......<.....#.. #..H.........#..
#### #..((........#.. ...# ###
##c(...<.{....#..
...########.#####.............##.
................@................
..#####'#########'#########'#####
..#.##......#.........#c. .. #
..#.#...#####.........#.# . .## #
..#.#..##..##.........#.##...##.#
..#.##.#....#....C....#...# #...#
..'..##.##..'..h......'# #'
..#....#.##.#..{......#...# #...#
..##..##..#.#.........#.##...## #


You could see a centaur warrior, a manticore and a cyclops (wandering).

Vanquished Creatures
  A boulder beetle (D:9)
  The ghost of safid the Cleaver, a novice HOFi of Beogh (D:6)
  An ugly thing (D:8)
  A cyclops (D:8)
  The ghost of JuniperTheExplorer the Ruffian, a novice TrTm (D:5)
  A kobold demonologist (D:6)
  A ynoxinul (Abyss:2)
  An acid dragon (D:9)
  A black bear (D:5)
  A sky beast (D:6)
  An orc warrior (D:6)
  4 necrophages
  3 centaurs
  2 ogres (D:5)
  4 phantoms
  2 bullfrogs
  11 kobold brigands
  3 scorpions
  2 wyvern zombies (D:6)
  A water moccasin zombie (D:5)
  3 killer bees (D:9)
  5 wights (D:9)
  A howler monkey (D:8)
  2 centaur zombies (D:8)
  A bullfrog zombie (D:6)
  3 hounds
  4 orc priests
  A gnoll shaman (D:5)
  2 jellies
  Jessica (D:3)
  2 iguanas (D:5)
  Natasha (D:4)
  6 orc wizards
  A killer bee zombie (D:8)
  A hound zombie (D:5)
  2 howler monkey zombies (D:9)
  12 gnolls
  4 adders
  2 white imps (D:6)
  2 worms (D:2)
  5 dart slugs
  20 orcs
  3 bats
  3 endoplasms (D:1)
  5 giant cockroaches
  6 goblins
  8 hobgoblins
  4 jackals (D:2)
  5 quokkas
  5 ball pythons
  3 frilled lizards
  4 kobolds
  A quokka skeleton (D:4)
  4 rats
175 creatures vanquished.

Vanquished Creatures (others)
  A plant (D:1)
  2 starspawn tentacles (Abyss:2)
3 creatures vanquished.

Grand Total: 178 creatures vanquished

Notes
Turn   | Place    | Note
-------+----------+-------------------------------------------
     0 | D:1      | Tiocfaidh the Troll Monk began the quest for the Orb.
     0 | D:1      | Reached XP level 1. HP: 22/22 MP: 0/0
   130 | D:1      | Reached XP level 2. HP: 25/29 MP: 1/1
   813 | D:2      | Reached XP level 3. HP: 35/36 MP: 2/2
  1337 | D:2      | Reached XP level 4. HP: 44/45 MP: 3/3
  1703 | D:3      | Noticed Jessica
  1718 | D:3      | Killed Jessica
  1729 | D:3      | Got Jessica's Volume of Dark Magic
  2063 | D:3      | Found a faded altar of an unknown god.
  2082 | D:3      | Reached XP level 5. HP: 22/53 MP: 4/4
  2478 | D:4      | Noticed a necrophage
  2493 | D:4      | Killed a necrophage
  2494 | D:4      | Reached skill level 5 in Unarmed Combat
  2494 | D:4      | Reached XP level 6. HP: 53/61 MP: 5/5
  2577 | D:4      | Found a staircase to the Ecumenical Temple.
  2868 | D:4      | Reached XP level 7. HP: 67/67 MP: 6/6
  2882 | Temple   | Entered the Ecumenical Temple
  2999 | Temple   | Became a worshipper of Ashenzari the Shackled
  3083 | D:4      | Noticed Natasha
  3091 | D:4      | Killed Natasha
  3403 | D:5      | Entered Level 5 of the Dungeon
  4031 | D:5      | Reached XP level 8. HP: 59/78 MP: 7/7
  4058 | D:5      | Reached skill level 1 in Polearms
  4071 | D:5      | Found a runed translucent gate.
  4071 | D:5      | Found a runed translucent gate.
  4071 | D:5      | Found a runed translucent gate.
  4071 | D:5      | Noticed JuniperTheExplorer's ghost (novice TrTm)
  4195 | D:5      | Reached skill level 2 in Polearms
  4313 | D:5      | Identified 2 scrolls of acquirement
  4313 | D:5      | Acquired the +6 hand crossbow of the Reaper {vorpal, Str+4
                  | Dex+7}
  4407 | D:5      | Acquired the ring of the Failed Coup {rElec Dex+6}
  4460 | D:5      | Killed JuniperTheExplorer's ghost
  4461 | D:5      | Reached skill level 4 in Polearms
  4840 | D:6      | Reached XP level 9. HP: 66/85 MP: 8/8
  4943 | D:6      | Reached skill level 5 in Polearms
  5341 | D:7      | Found a runed translucent gate.
  5342 | D:7      | Found a runed translucent gate.
  5342 | D:7      | Noticed safid's ghost (novice HOFi)
  5343 | D:7      | Found a runed translucent gate.
  5343 | D:7      | Noticed a kobold demonologist
  5417 | D:7      | Noticed an ice devil
  5453 | D:6      | Killed safid's ghost
  5454 | D:6      | Reached skill level 6 in Polearms
  5624 | D:6      | Killed a kobold demonologist
  5625 | D:6      | Reached skill level 5 in Fighting
  5625 | D:6      | Reached skill level 5 in Dodging
  5714 | D:7      | Reached skill level 7 in Polearms
  5734 | D:7      | Cast into level 2 of the Abyss (kobold brigand)
  5775 | Abyss:2  | Noticed a blizzard demon
  5775 | Abyss:2  | Noticed a tentacled starspawn
  5844 | Abyss:2  | Found a corrupted altar of Lugonu.
  5949 | D:7      | Escaped the Abyss
  5984 | D:7      | Reached XP level 10. HP: 57/96 MP: 9/9
  6339 | D:7      | Found Ceroupt's CLEARANCE SALE!.
  6844 | D:8      | Noticed a cyclops
  6871 | D:8      | Killed a cyclops
  6995 | D:8      | Reached skill level 1 in Crossbows
  7090 | D:8      | Noticed a purple ugly thing
  7099 | D:8      | Killed a purple ugly thing
  7100 | D:8      | Reached skill level 8 in Polearms
  7711 | D:9      | Noticed a boulder beetle
  7733 | D:9      | Killed a boulder beetle
  7774 | D:9      | Noticed a centaur warrior
  7774 | D:9      | Noticed Maurice
  7863 | D:9      | Noticed a manticore
  7864 | D:9      | Noticed a centaur warrior
  7874 | D:9      | Noticed a red ugly thing
  7874 | D:9      | Noticed a manticore
  7874 | D:9      | Noticed a cyclops
  7874 | D:9      | Shot with an arrow by a centaur warrior

Illustrated notes

Levels and vault maps discovered:
D:1:      roderic_dead_forest, layout_basic, serial_forest,
          infiniplex_forest_pool, infiniplex_forest_clump_tiny,
          infiniplex_forest_zigzag_1, infiniplex_forest_clump_long,
          palyth_stone_intersect
D:2:      layout_loops_cross, grunt_ministairs_15, minmay_goblin_kobold_house
D:3:      layout_basic, serial_glass, glass_columns_a, glass_columns_a,
          glass_columns_c, chequers_ecumenical_altar_simple,
          kennysheep_jessica_study
D:4:      layout_basic, temple_fountains, kennysheep_generic_room_10,
          uniq_natasha
D:5:      minmay_spotlight, layout_rooms, ebering_ghost_rock_garden,
          minmay_door_square
D:6:      layout_basic
D:7:      layout_basic, nicolae_hepliaklqana_hazy_memory,
          gammafunk_ghost_nasty_kobolds, nicolae_shop_clearance,
          uniq_crazy_yiuf_cottage
D:8:      layout_loops_ring, minmay_small_thing
D:9:      minmay_the_grid_3x3 [minmay_the_grid_pillar_ring,
          minmay_the_grid_holed_spiral, minmay_the_grid_square_x,
          minmay_the_grid_tri_star, minmay_the_grid_empty,
          minmay_the_grid_gridbox, minmay_the_grid_minigrid_medium,
          minmay_the_grid_fan, minmay_the_grid_prize_shrinking_boxes],
          layout_gridville, mainiacjoe_overflow_alcove_2, minivault_25,
          chequers_mini_garden, uniq_maurice
Temple:   mainiacjoe_temple_bowtie_tessellation

Skill      XL: |  1  2  3  4  5  6  7  8  9 10 |
---------------+-------------------------------+-----
Fighting       | 3 4 5 |  5.9
Dodging        | 3 4 5 |  5.5
Unarmed Combat | 4 5 6 7 |  7.9
Stealth        | 2 |  2.7
Polearms       | 4 7 8 |  8.1
Crossbows      | 3 |  3.2
Throwing       | |  0.3

Action                   |  1- 3 |  4- 6 |  7- 9 | 10-12 || total
-------------------------+-------+-------+-------+-------++-------
Melee: Unarmed           |   106 |    70 |    52 |       ||   228
       Punch             |     2 |     4 |    12 |     5 ||    23
       Demon trident     |       |       |   212 |    50 ||   262
 Fire: Hand crossbow     |       |       |       |    65 ||    65
Throw: Dart              |       |       |       |     6 ||     6
  Use: Scroll            |       |       |    12 |     5 ||    17
 Stab: Sleeping          |     3 |     1 |     2 |     1 ||     7
       Distracted        |       |       |     1 |       ||     1
Armor: Robe              |    33 |    10 |    29 |    11 ||    83
Dodge: Dodged            |    42 |    40 |   190 |    61 ||   333
